 Dungeon Crawl Stone Soup version 0.30-a0-134-gb40fab5c76 (webtiles) character file.

Game seed: 9499540198981622223

21408 ytrimaz the Fighter (level 12, -1/103 HPs)
             Began as a Demonspawn Gladiator on Sept 19, 2022.
             Was a High Priest of Jiyva.
             Killed by divine providence
             ... invoked by a meliai
              (11 damage)
             ... on level 13 of the Dungeon.
             The game lasted 00:21:19 (11376 turns).

ytrimaz the Fighter (Demonspawn Gladiator)         Turns: 11376, Time: 00:21:19

Health: -1/103     AC:  9    Str: 19    XL:     12   Next: 53%
Magic:  12/12      EV: 26    Int: 10    God:    Jiyva [*****.]
Gold:   424        SH:  0    Dex: 15    Spells: 11/11 levels left

rFire   + . .      SeeInvis .    y - +3 battleaxe
rCold   + + +      Faith    .    (shield currently unavailable)
rNeg    . . .      Spirit   .    L - +0 troll leather armour
rPois   +          Reflect  .    c - +0 helmet
rElec   .          Harm     .    (no cloak)
rCorr   +          Rampage  .    l - +0 pair of gloves
Will    .....                    (no boots)
Stlth   +.........               G - amulet of regeneration
HPRegen 3.31/turn                k - ring of protection from cold
MPRegen 0.58/turn                b - +4 ring of evasion

@: agile
A: hooves 2, slimy green scales 3, powered by pain 2, cold resistance 3, fire
resistance 1, pseudopods 3
a: Renounce Religion, Oozemancy, Slimify


You were on level 13 of the Dungeon.
You worshipped Jiyva.
Jiyva was extremely pleased with you.
You visited 1 branch of the dungeon, and saw 13 of its levels.
You also visited: Sewer and Bailey.

You collected 1754 gold pieces.
You spent 1330 gold pieces at shops.


Innate Abilities, Weirdness & Mutations

You have hoof-like feet.
You are completely covered in slimy green scales. (AC +4, rPois)
You sometimes gain power by taking damage.
Your flesh is almost immune to the effects of cold. (rC+++)
Your flesh is heat resistant. (rF+)
Armour fits poorly on your massive pseudopods.


   Skills:
 + Level 12.4 Fighting
 + Level 11.6 Axes
 - Level 1.7 Throwing
 + Level 5.3 Armour
 - Level 10.3 Dodging


You had 11 spell levels left.
You didn't know any spells.
Your spell library contained the following spells:

 Spells                   Type           Power      Damage    Failure   Level
 Foxfire                  Conj/Fire      0%         2x1d4     41%         1
 Magic Dart               Conj           0%         1d3       41%         1
 Call Imp                 Summ           0%         N/A       54%         2
 Cigotuvi's Dreadful Rot  Necr/Pois/Air  0%         N/A       54%         2
 Ensorcelled Hibernation  Hex/Ice        0%         N/A       54%         2
 Passwall                 Tmut/Erth      0%         N/A       54%         2
 Dazzling Flash           Conj/Hex       0%         N/A       78%         3
 Ignite Poison            Fire/Tmut/Pois 0%         N/A       78%         3
 Mephitic Cloud           Conj/Pois/Air  0%         N/A       78%         3
 Swiftness                Air            0%         N/A       78%         3
 Dispel Undead            Necr           0%         3d6       99%         4
 Iskenderun's Mystic Bla  Conj/Tloc      0%         2d3       99%         4
 Summon Ice Beast         Ice/Summ       0%         N/A       99%         4
 Freezing Cloud           Conj/Ice/Air   0%         6-21      100%        5
 Summon Mana Viper        Hex/Summ       0%         N/A       100%        5
 Death Channel            Necr           0%         N/A       100%        6
 Starburst                Conj/Fire      0%         6d3       100%        6
 Monstrous Menagerie      Summ           0%         N/A       100%        7
 Storm Form               Tmut/Air       0%         N/A       100%        7

Inventory:

Hand Weapons
 a - a +1 war axe
 y - a +3 battleaxe (weapon)
   (You took it off a wight on level 8 of the Dungeon)
 I - a +2 battleaxe
   (You took it off a wight on level 7 of the Dungeon)
 R - a +1 hand axe of freezing
   (You took it off an orc warrior on level 11 of the Dungeon)
Missiles
 e - a javelin (quivered)
 i - 2 boomerangs
Armour
 c - a +0 helmet (worn)
 l - a +0 pair of gloves (worn)
   (You found it on level 1 of the Dungeon)
 o - +2 gold dragon scales
   (You bought it in a shop on level 11 of the Dungeon)
 E - a +0 plate armour
   (You took it off a goblin on level 4 of the Dungeon)
 L - a +0 troll leather armour (worn)
   (You found it on level 9 of the Dungeon)
 P - +0 acid dragon scales
   (You found it on level 10 of the Dungeon)
Jewellery
 b - a +4 ring of evasion (right hand)
   (You found it on level 6 of the Dungeon)
 k - a ring of protection from cold (left hand)
   (You found it on level 1 of the Dungeon)
 G - an amulet of regeneration (around neck)
   (You found it on level 6 of the Dungeon)
 H - a ring of positive energy
   (You found it on level 7 of the Dungeon)
 J - an amulet of reflection
   (You found it on level 8 of the Dungeon)
 N - an amulet of guardian spirit
   (You found it on level 11 of the Dungeon)
Wands
 r - a wand of mindburst (10)
   (You found it on level 8 of the Dungeon)
 s - a wand of paralysis (14)
   (You found it on level 4 of the Dungeon)
 u - a wand of flame (37)
   (You found it on level 6 of the Dungeon)
 F - a wand of iceblast (5)
   (You took it off Dowan on level 4 of the Dungeon)
 T - a wand of polymorph (6)
   (You found it on level 12 of the Dungeon)
Scrolls
 g - 7 scrolls of teleportation
 n - 2 scrolls of silence
 w - a scroll of fear
 x - 5 scrolls of fog
 D - 2 scrolls of blinking
 M - 4 scrolls of identify
 O - 4 scrolls of enchant weapon
 Q - a scroll of acquirement
Potions
 d - a potion of mutation {unknown}
 f - 5 potions of curing
 h - 3 potions of berserk rage
 j - a potion of flight {unknown}
 m - 2 potions of haste
 q - 3 potions of cancellation
 t - 2 potions of might {unknown}
 v - 4 potions of invisibility
 z - a potion of resistance
 A - a potion of magic {unknown}
 B - a potion of lignification {unknown}
 C - 2 potions of ambrosia
 K - 4 potions of brilliance {unknown}

Dungeon Overview and Level Annotations

Branches:
Dungeon (13/15) Zot: 26788  Temple (0/1) D:6            Lair (0/5) D:11
    Orc (0/2) D:10          Sewer (visited)          Bailey (visited)
 Vaults: D:13-14

Altars:
Ashenzari
Cheibriados
Fedhas
Kikubaaqudgha
Makhleb
Nemelex Xobeh
Qazlal
Ru
Sif Muna
Uskayaw
Wu Jian
Yredelemnul

Shops:
D:8 =   D:9 (   D:10 ?   D:11 [

Annotations:
D:6 2 runed translucent doors, ThrustWizard's ghost, novice DsGl

#... #..#####.
#....<... #.# #.#
# ###y### .#
#...y.# u.#
#.#.#y# ...#
#.#.#@# ....#
#.#.#.#####.....#
#.#.#.#.......#
#.#.#.#.#####.#
#.....#.#####.#
###....†...##.#
#####†##.##.#
#.##.##.#
#.......######.#


You could see 3 meliai.


Message History

The cyan ugly thing closely misses you. 😕 HP[+4]
You regained 4 hp, and now have 93/103 hp.
Unknown command.
You see here a komodo dragon corpse. 😕 HP[+3]
You regained 3 hp, and now have 96/103 hp.
You slash the cyan ugly thing! Your kick misses the cyan ugly thing.
The cyan ugly thing engulfs you.
The cyan ugly thing shocks you! 😕 HP[-16]
You take 16 damage, and now have 80/103 hp.
You slice the cyan ugly thing!! You kick the cyan ugly thing.
You bludgeon the cyan ugly thing!
You hear a distant slurping noise.
The cyan ugly thing completely misses you.
You slash the cyan ugly thing!
You kill the cyan ugly thing! 😕 HP[+8]
You regained 8 hp, and now have 88/103 hp.
You see here an ugly thing corpse. 😕 HP[+3]
You regained 3 hp, and now have 91/103 hp.
No target in view!
Unknown command. 😕 HP[+3]
You regained 3 hp, and now have 94/103 hp.
You now have 424 gold pieces (gained 11).
Found a stone staircase leading down. 😎 HP[+9]
Your hp is fully restored (103).
Unknown command.
g - 7 scrolls of teleportation (gained 1)
You see here an ugly thing corpse.
Key pressed, stopping explore.
A meliai is nearby!
A meliai is nearby!
A meliai is nearby!
The meliai buzzes angrily.
Found a stone staircase leading up.
The meliai buzzes angrily.
You hear an angry buzzing noise.
The meliai calls upon its god to heal something.
The meliai misses you. The meliai barely misses you. The meliai misses you.
The meliai barely misses you.
You slash the meliai! You kick the meliai.
The meliai hits you with a +0 hand axe. The meliai misses you.
The meliai hits you with a +0 hand axe! The meliai barely misses you.
The meliai invokes the aid of its god against you.
Something smites you! 😮 HP[-30]
You take 30 damage, and now have 73/103 hp.
MASSIVE DAMAGE!! (PAUSE) 😮 HP[+3]
You regained 3 hp, and now have 76/103 hp. 😕 HP[+4]
You regained 4 hp, and now have 80/103 hp.
You barely miss the meliai. Your kick misses the meliai.
Your bludgeon misses the meliai. You closely miss the meliai.
The meliai completely misses you. The meliai closely misses you.
The meliai mumbles some strange prayers to its god against you.
Something smites you! The meliai hits you with a +0 war axe.
The meliai barely misses you. The meliai misses you.
The meliai stings you but does no damage.
The meliai hits you with a +0 war axe! The meliai completely misses you.
The meliai misses you. x2; The meliai completely misses you.
The meliai stings you. 😮 HP[-24]
You take 24 damage, and now have 56/103 hp.
MASSIVE DAMAGE!! (PAUSE)
You miss the meliai. Your kick misses the meliai. You closely miss the meliai.
The meliai closely misses you. x3; The meliai barely misses you.
The meliai completely misses you. The meliai stings you.
The meliai hits you with a +0 hand axe!
* * * LOW HITPOINT WARNING * * *
The meliai misses you.
The meliai mumbles some strange prayers to its god against you.
Something smites you!
* * * LOW HITPOINT WARNING * * *
😨 HP[-20]
You take 20 damage, and now have 36/103 hp.
You barely miss the meliai. You hit the meliai. The meliai misses you.
The meliai stings you but does no damage.
The meliai misses you. The meliai closely misses you.
The meliai completely misses you. The meliai closely misses you.
The meliai invokes the aid of its god against you.
Something smites you!
* * * LOW HITPOINT WARNING * * *
You focus on the pain.
You feel agile all of a sudden. 😱 HP[-11]
You take 11 damage, and now have 25/103 hp.
Unknown command.
The meliai attacks as you move away! The meliai completely misses you.
The meliai stings you.
* * * LOW HITPOINT WARNING * * *
The meliai calls down the wrath of its god upon you.
Something smites you!
* * * LOW HITPOINT WARNING * * *
The meliai mumbles some strange prayers to its god against you.
Something smites you!
You die...

Skill      XL: |  1  2  3  4  5  6  7  8  9 10 11 12 |
---------------+-------------------------------------+-----
Axes           | 3 4 5 6 8 9 10 11 | 11.6
Dodging        | 3 4 5 6 8 9 10 | 10.3
Fighting       | 3 4 5 7 8 10 11 12 | 12.4
Armour         | 3 5 |  5.3
Throwing       | |  1.7

Action                   |  1- 3 |  4- 6 |  7- 9 | 10-12 || total
-------------------------+-------+-------+-------+-------++-------
Melee: War axe           |    86 |   117 |   468 |   362 ||  1033
       Punch             |     1 |     1 |     1 |     6 ||     9
       Pseudopods        |       |       |       |    83 ||    83
       Kick              |       |       |       |   117 ||   117
       Hand axe          |       |       |       |    21 ||    21
       Battleaxe         |       |       |       |    76 ||    76
Throw: Throwing net      |       |       |     1 |     3 ||     4
Evoke: Wand              |       |     3 |       |       ||     3
  Use: Scroll            |     4 |     8 |     5 |     7 ||    24
       Potion            |       |     2 |     1 |     6 ||     9
 Stab: Sleeping          |     1 |       |       |       ||     1
       Paralysed         |       |     6 |       |       ||     6
       Held in net/web   |       |       |     1 |       ||     1
Armor: Leather armour    |    34 |    12 |       |       ||    46
       Ring mail         |       |    28 |    88 |       ||   116
       Plate armour      |       |       |   156 |    99 ||   255
       Troll leather arm |       |       |       |    67 ||    67
       Gold dragon scale |       |       |       |     7 ||     7
Dodge: Dodged            |    62 |    94 |   339 |   607 ||  1102

Levels and vault maps discovered:
D:1:      dpeg_arrival_connections, layout_basic
D:2:      layout_loops_ring, shapermc_ecumenical_altar_flowoftime, minmay_puff
D:3:      layout_basic, mainiacjoe_overflow_six_doors_small, serial_park_tiny_2
D:4:      layout_loops_ring, zin_angel, minmay_misc_feat_rows, uniq_duvessa,
          uniq_sigmund, uniq_menkaure
D:5:      minmay_evil_eye, layout_loops_ring,
          mainiacjoe_overflow_catch_the_wave, mainiacjoe_overflow_24_doors,
          nicolae_qazlal_scattered_showers, portal_sewer_entry_f,
          uniq_blork_the_orc
D:6:      layout_loops_ring, minmay_temple_entry_slanted, ebering_ghost_sewer_f
D:7:      layout_rooms, nicolae_yredelemnul_corpse_copse,
          general_overflow_altar, uniq_pikel
D:8:      layout_basic, mainiacjoe_overflow_catwalk_spiral, serial_shops,
          nicolae_shop_crystal
D:9:      layout_cave_pools, lightli_temple_of_fire,
          mainiacjoe_overflow_tiny_flanked, serial_shops, shop
D:10:     layout_long_grid, mainiacjoe_overflow_small_starburst,
          nicolae_uskayaw_en_pointe, serial_shops, nicolae_shop_hallway_stairs,
          enter_bailey_3
D:11:     layout_roguey, grunt_lair_entry_orc_guard_hut,
          nicolae_shop_dragon_depot, serial_bayou_pond_d, feat_on_display,
          uniq_snorg
D:12:     layout_irregular_city, uniq_psyche
D:13:     layout_loops_cross

Notes
Turn   | Place    | Note
-------+----------+-------------------------------------------
     0 | D:1      | ytrimaz the Demonspawn Gladiator began the quest for the
                  | Orb.
     0 | D:1      | Reached XP level 1. HP: 16/16 MP: 1/1
     0 | D:1      | magus.rc [v1.9.6]
   234 | D:1      | Gained mutation: You are partially covered in slimy green
                  | scales. (AC +2) [demonic ancestry]
   234 | D:1      | Reached XP level 2. HP: 22/22 MP: 2/2
   371 | D:1      | Reached skill level 3 in Axes
   371 | D:1      | Reached skill level 3 in Dodging
   821 | D:2      | Found a faded altar of an unknown god.
  1081 | D:2      | Gained mutation: You sometimes gain a little power by
                  | taking damage. [demonic ancestry]
  1081 | D:2      | Reached XP level 3. HP: 28/28 MP: 3/3
  1214 | D:2      | You add the spells Ignite Poison, Mephitic Cloud and
                  | Freezing Cloud to your library.
  1261 | D:2      | Reached skill level 3 in Fighting
  1400 | D:2      | Gained mutation: You are mostly covered in slimy green
                  | scales. (AC +3) [demonic ancestry]
  1400 | D:2      | Reached XP level 4. HP: 31/35 MP: 4/4
  1740 | D:2      | Identified the ring of the Louse {Ice Dex+5 Stlth+}
  1744 | D:2      | You pick up a book of Burglary and begin reading...
  1744 | D:2      | You add the spells Passwall, Ensorcelled Hibernation and
                  | Swiftness to your library.
  2216 | D:3      | Found a broken altar of Ashenzari.
  2687 | D:4      | Noticed Duvessa
  2695 | D:4      | HP: 8/35 [Duvessa/+0 short sword (10)]
  2696 | D:4      | HP: 3/35 [Duvessa/+0 short sword (5)]
  2705 | D:4      | Killed Duvessa
  2706 | D:4      | Reached XP level 5. HP: 30/42 MP: 5/5
  2935 | D:4      | You pick up a book of Spectacle and begin reading...
  2935 | D:4      | You add the spells Dazzling Flash, Iskenderun's Mystic
                  | Blast and Starburst to your library.
  2969 | D:4      | Reached skill level 4 in Axes
  2969 | D:4      | Reached skill level 4 in Dodging
  3046 | D:4      | Identified a scroll of acquirement
  3046 | D:4      | Acquired 1174 gold pieces
  3278 | D:3      | HP: 4/42 [gnoll/+0 halberd (9)]
  3549 | D:4      | Noticed Menkaure
  3558 | D:4      | Noticed a black bear
  3568 | D:3      | Killed a black bear
  3569 | D:3      | Reached skill level 4 in Fighting
  3569 | D:3      | Gained mutation: You sometimes gain power by taking damage.
                  | [demonic ancestry]
  3569 | D:3      | Reached XP level 6. HP: 32/48 MP: 6/6
  3773 | D:4      | Killed Menkaure
  4092 | D:4      | You fall into a shaft and drop 3 floors!
  4098 | D:7      | Noticed Pikel
  4237 | D:6      | Noticed an orc warrior
  4308 | D:5      | Entered Level 5 of the Dungeon
  4315 | D:5      | Gained mutation: You are completely covered in slimy green
                  | scales. (AC +4, rPois) [demonic ancestry]
  4315 | D:5      | Reached XP level 7. HP: 55/55 MP: 7/7
  4389 | D:5      | Reached skill level 5 in Fighting
  4389 | D:5      | Reached skill level 5 in Axes
  4389 | D:5      | Reached skill level 5 in Dodging
  4414 | D:5      | Found a glowing drain.
  4444 | Sewer    | Entered a sewer
  4639 | Sewer    | Found a viscous altar of Jiyva.
  4811 | Sewer    | Became a worshipper of Jiyva Jepoi the Shapeless
  4850 | D:5      | Found a sparkling altar of Nemelex Xobeh.
  4915 | D:5      | Noticed Blork the orc
  4935 | D:5      | Killed Blork the orc
  5120 | D:5      | Found a stormy altar of Qazlal.
  5180 | D:5      | Reached XP level 8. HP: 63/63 MP: 8/8
  5577 | D:5      | Found an ornate altar of the Wu Jian Council.
  5644 | D:5      | Reached skill level 6 in Fighting
  5754 | D:5      | Reached skill level 6 in Axes
  5754 | D:5      | Reached skill level 6 in Dodging
  5893 | D:4      | Reached * piety under Jiyva
  5920 | D:4      | Noticed Sigmund
  5937 | D:4      | Killed Sigmund
  5971 | D:4      | Noticed Dowan
  5984 | D:4      | Killed Dowan
  6084 | D:4      | Noticed an angel
  6313 | D:6      | Found a staircase to the Ecumenical Temple.
  6527 | D:6      | Reached skill level 7 in Fighting
  6535 | D:6      | Reached XP level 9. HP: 48/72 MP: 9/9
  6565 | D:6      | Found a runed translucent door.
  6565 | D:6      | Noticed ThrustWizard's ghost (novice DsGl)
  6895 | D:6      | Found a runed translucent door.
  6945 | D:7      | Reached ** piety under Jiyva
  6957 | D:7      | Reached skill level 7 in Axes
  6962 | D:7      | Reached skill level 7 in Dodging
  7281 | D:7      | Killed Pikel
  7282 | D:7      | Reached skill level 8 in Fighting
  7295 | D:7      | Found a basalt altar of Yredelemnul.
  7324 | D:7      | Reached skill level 8 in Axes
  7428 | D:7      | Found a shimmering blue altar of Sif Muna.
  7491 | D:8      | Found an ancient bone altar of Kikubaaqudgha.
  7491 | D:8      | Found a sacrificial altar of Ru.
  7512 | D:8      | Reached skill level 8 in Dodging
  7653 | D:8      | Identified the +1 ring mail of Inaction {Will+}
  7697 | D:8      | You add the spells Foxfire and Storm Form to your library.
  7697 | D:8      | Got the Compilation of Weather and Blasting
  7721 | D:8      | You pick up a book of Decay and begin reading...
  7721 | D:8      | You add the spells Cigotuvi's Dreadful Rot, Dispel Undead
                  | and Death Channel to your library.
  7756 | D:8      | Reached XP level 10. HP: 81/82 MP: 10/10
  7954 | D:8      | Found Leugroz's Jewellery Boutique.
  7998 | D:9      | Found Racerr's Weapon Emporium.
  8073 | D:9      | Reached skill level 9 in Fighting
  8192 | D:9      | Reached skill level 9 in Axes
  8202 | D:9      | Reached skill level 9 in Dodging
  8252 | D:9      | Found a snail-covered altar of Cheibriados.
  8351 | D:9      | Found a burning altar of Makhleb.
  8355 | D:9      | Reached *** piety under Jiyva
  8441 | D:9      | Reached skill level 10 in Fighting
  8734 | D:10     | Entered Level 10 of the Dungeon
  8734 | D:10     | Found Bediq's Magic Scroll Emporium.
  8748 | D:10     | Gained mutation: Armour fits poorly on your pseudopods.
                  | [Jiyva's grace]
  8748 | D:10     | Gained mutation: Armour fits poorly on your large
                  | pseudopods. [Jiyva's grace]
  8748 | D:10     | Gained mutation: Armour fits poorly on your massive
                  | pseudopods. [Jiyva's grace]
  8748 | D:10     | Gained mutation: You have a small jelly attached to you
                  | that may absorb projectiles. [Jiyva's grace]
  8751 | D:10     | Bought a scroll of enchant armour for 105 gold pieces
  8751 | D:10     | Bought a scroll of enchant weapon for 105 gold pieces
  8807 | D:10     | Noticed a gargoyle
  8820 | D:10     | Killed a gargoyle
  8821 | D:10     | Gained mutation: You have large cloven feet. [demonic
                  | ancestry]
  8821 | D:10     | Reached XP level 11. HP: 67/90 MP: 11/11
  8836 | D:10     | You pick up a book of Beasts and begin reading...
  8836 | D:10     | You add the spells Summon Ice Beast, Summon Mana Viper and
                  | Monstrous Menagerie to your library.
  8838 | D:10     | Noticed a +0 falchion
  8838 | D:10     | Noticed a +0 spear
  8839 | D:10     | Noticed a +0 short sword
  8839 | D:10     | Noticed a +0 spear
  8839 | D:10     | Noticed a +0 dagger
  8840 | D:10     | Noticed a +0 short sword
  8841 | D:10     | Noticed a +0 falchion
  8858 | D:10     | Found a hide-covered altar of Uskayaw.
  8859 | D:10     | Noticed a +0 dagger
  8972 | D:10     | Found a flagged portal.
  8980 | Bailey   | Entered a bailey
  9008 | Bailey   | HP: 20/92 [ogre/+0 glaive (13)]
  9129 | Bailey   | Reached **** piety under Jiyva
  9154 | Bailey   | Noticed a two-headed ogre
  9163 | Bailey   | Killed a two-headed ogre
  9164 | Bailey   | Reached skill level 10 in Axes
  9164 | Bailey   | HP: 30/138 [spriggan/+0 trident (12)]
  9169 | Bailey   | Reached skill level 10 in Dodging
  9169 | Bailey   | HP: 15/138 [steam dragon] (6)]
  9173 | Bailey   | HP: 6/92 [spriggan/+0 spear (14)]
  9178 | Bailey   | HP: 17/92 [spriggan/+0 spear (7)]
  9185 | Bailey   | HP: 12/92 [spriggan/+0 spear (12)]
  9288 | D:10     | Found a blossoming altar of Fedhas.
  9400 | D:10     | Noticed a two-headed ogre
  9409 | D:10     | Killed a two-headed ogre
  9673 | D:10     | Found a staircase to the Orcish Mines.
  9747 | D:11     | Reached skill level 11 in Fighting
  9772 | D:11     | Found Tristan's Dragon-Slaying Spoils.
  9779 | D:11     | Bought +0 gold dragon scales for 1120 gold pieces
  9858 | D:11     | Reached skill level 1 in Armour
  9892 | D:11     | You pick up a book of Minor Magic and begin reading...
  9892 | D:11     | You add the spells Magic Dart and Call Imp to your library.
  9922 | D:11     | Found a staircase to the Lair.
 10042 | D:11     | Noticed Snorg
 10059 | D:11     | Killed Snorg
 10060 | D:11     | Reached skill level 2 in Armour
 10140 | D:11     | Noticed a two-headed ogre
 10148 | D:11     | Killed a two-headed ogre
 10220 | D:11     | Reached ***** piety under Jiyva
 10464 | D:12     | Lost mutation: You have a small jelly attached to you that
                  | may absorb projectiles. [Jiyva's grace]
 10464 | D:12     | Gained mutation: Your flesh is cold resistant. (rC+)
                  | [Jiyva's grace]
 10464 | D:12     | Gained mutation: Your flesh is very cold resistant. (rC++)
                  | [Jiyva's grace]
 10464 | D:12     | Gained mutation: Your flesh is almost immune to the effects
                  | of cold. (rC+++) [Jiyva's grace]
 10464 | D:12     | Gained mutation: Your flesh is heat resistant. (rF+)
                  | [Jiyva's grace]
 10488 | D:12     | Reached skill level 3 in Armour
 10501 | D:12     | Gained mutation: You have hoof-like feet. [demonic
                  | ancestry]
 10501 | D:12     | Reached XP level 12. HP: 96/100 MP: 12/12
 10537 | D:12     | Noticed a death knight
 10545 | D:12     | Killed a death knight
 10546 | D:12     | Reached skill level 11 in Axes
 10593 | D:12     | Killed a centaur warrior
 10646 | D:12     | Noticed Psyche
 10654 | D:12     | Killed Psyche
 10672 | D:12     | Noticed a two-headed ogre
 10676 | D:12     | Reached skill level 4 in Armour
 10679 | D:12     | Killed a two-headed ogre
 10680 | D:12     | Reached skill level 12 in Fighting
 11184 | D:13     | Noticed a centaur warrior
 11191 | D:13     | Killed a centaur warrior
 11230 | D:13     | Noticed a boulder beetle
 11231 | D:13     | Noticed a four-headed hydra
 11244 | D:13     | HP: 15/102 [boulder beetle (14)]
 11244 | D:13     | Killed a six-headed hydra
 11245 | D:13     | Killed a boulder beetle
 11246 | D:13     | Reached skill level 5 in Armour
 11297 | D:13     | Noticed a boulder beetle
 11375 | D:13     | HP: 25/103 [meliai/divine providence (15)]
 11376 | D:13     | HP: 10/103 [meliai/divine providence (17)]
 11376 | D:13     | Killed from afar by a meliai

Vanquished Creatures
  Snorg (D:11)
  A centaur warrior (D:13)
  A death knight (D:12)
  A boulder beetle (D:13)
  4 two-headed ogres
  Pikel (D:7)
  A deep elf pyromancer (D:12)
  An ugly thing (D:13)
  3 cyclopes
  2 manticores (D:12)
  A gargoyle (D:10)
  Psyche (D:12)
  2 komodo dragons
  4 trolls
  A hornet (D:11)
  Sigmund (D:4)
  5 spriggans (Bailey)
  26 yaks
  3 wraiths
  2 wyverns
  3 steam dragons
  Menkaure (D:4)
  An acid dragon (D:10)
  Duvessa (D:4)
  An ice beast (D:5)
  A black bear (D:3)
  5 orc warriors
  A hornet zombie (D:7)
  9 ogres
  2 centaurs
  3 phantoms
  A kobold brigand (D:11)
  Blork the orc (D:5)
  5 bullfrogs
  3 scorpions
  15 wights
  Dowan (D:4)
  6 killer bees (D:9)
  4 howler monkeys
  3 centaur zombies (D:7)
  3 hounds
  2 orc priests (D:6)
  4 jellies (Sewer)
  4 iguanas
  9 orc wizards
  A howler monkey zombie (D:7)
  17 gnolls
  10 adders
  A river rat (Sewer)
  2 shadow imps
  3 white imps
  3 worms
  3 dart slugs
  22 orcs
  10 ball pythons
  7 bats
  13 endoplasms
  6 giant cockroaches
  16 goblins
  6 hobgoblins
  3 quokkas
  10 frilled lizards
  10 kobolds
  4 rats (Sewer)
298 creatures vanquished.

Vanquished Creatures (collateral kills)
  A hydra (D:13)
1 creature vanquished.

Vanquished Creatures (others)
  A centaur warrior (D:12)
  A steam dragon (D:6)
  A centaur (D:13)
  A kobold brigand (D:10)
  4 howler monkeys
  A centaur zombie (D:7)
  13 jellies
  2 iguanas
  An orc wizard (D:9)
  2 killer bee zombies (D:7)
  7 kobolds (D:10)
  12 fungi (D:11)
  19 plants (D:11)
65 creatures vanquished.

Grand Total: 364 creatures vanquished

Table legend:
 A = Non-vault XP
 B = Vault XP
 C = Vault XP percentage of total XP
 D = Non-vault monster count
 E = Vault monster count
 F = Vault count percentage of total count
                 A         B        C        D         E       F
            +---------+---------+-------+---------+---------+-------
      Total |   23619 |    6965 |  22.8 |     222 |      78 |  26.0
            +---------+---------+-------+---------+---------+-------
        D:1 |      38 |       0 |   0.0 |      22 |       0 |   0.0
        D:2 |      69 |      21 |  23.3 |      18 |       5 |  21.7
        D:3 |     173 |       0 |   0.0 |      10 |       0 |   0.0
        D:4 |     104 |     627 |  85.8 |      16 |       4 |  20.0
        D:5 |     569 |     327 |  36.5 |      17 |       9 |  34.6
        D:6 |     795 |       0 |   0.0 |      23 |       0 |   0.0
        D:7 |    1059 |     917 |  46.4 |      16 |       6 |  27.3
        D:8 |    1871 |       0 |   0.0 |      17 |       0 |   0.0
        D:9 |    3267 |       0 |   0.0 |      36 |       0 |   0.0
       D:10 |    3665 |       8 |   0.2 |      17 |       4 |  19.0
       D:11 |    2756 |    1636 |  37.2 |      10 |       7 |  41.2
       D:12 |    5815 |     365 |   5.9 |      15 |       1 |   6.2
       D:13 |    3438 |       0 |   0.0 |       5 |       0 |   0.0
      Sewer |       0 |     263 | 100.0 |       0 |      29 | 100.0
     Bailey |       0 |    2801 | 100.0 |       0 |      13 | 100.0
            +---------+---------+-------+---------+---------+-------

Illustrated notes

Table legend:
 A = Kills in this place as a percentage of kills in entire the game.
 B = Kills by you in this place as a percentage of kills by you in the entire game.
 C = Kills by friends in this place as a percentage of kills by friends in the entire game.
 D = Other kills in this place as a percentage of other kills in the entire game.
 E = Experience gained in this place as a percentage of experience gained in the entire game.
 F = Experience gained in this place divided by the number of levels of this place that you have seen.
                   A       B       C       D       E      F
               +-------+-------+-------+-------+-------+----------------------
         Total | 100.0 | 100.0 | 100.0 | 100.0 | 100.0 | 2038.9
       Dungeon |  86.0 |  85.9 | 100.0 | 100.0 |  90.0 | 2116.9
         Sewer |   9.7 |   9.7 |   0.0 |   0.0 |   0.9 | 263.0
        Bailey |   4.3 |   4.4 |   0.0 |   0.0 |   9.2 | 2801.0
               +-------+-------+-------+-------+-------+----------------------

Table legend: (Time is in decaauts)
 A = Elapsed time spent in this place.
 B = Non-inter-level travel time spent in this place.
 C = Inter-level travel time spent in this place.
 D = Time resting spent in this place.
 E = Time spent auto-exploring this place.
 F = Levels seen in this place.
 G = Mean time per level.
                   A        B        C        D        E       F      G
               +--------+--------+--------+--------+--------+-----+--------+
         Total |  11619 |  11274 |    345 |    808 |   7513 |  15 |  774.6 |
       Dungeon |  10891 |  10546 |    345 |    805 |   7221 |  13 |  837.8 |
         Sewer |    433 |    433 |      0 |      0 |    183 |   1 |  433.0 |
        Bailey |    295 |    295 |      0 |      3 |    109 |   1 |  295.0 |
               +--------+--------+--------+--------+--------+-----+--------+

Top non-repeatable levels by time:
     D:2: 1278 daAuts
     D:4: 1272 daAuts
     D:5: 1190 daAuts
     D:3: 1159 daAuts
     D:6: 911 daAuts
     D:1: 847 daAuts
    D:11: 737 daAuts
    D:10: 722 daAuts
    D:12: 709 daAuts
     D:9: 659 daAuts
     D:7: 597 daAuts
     D:8: 596 daAuts
   Sewer: 433 daAuts
  Bailey: 295 daAuts
    D:13: 210 daAuts
